BSA
PLYMOUTH ROCKS @ IRVINE GANG GREEN
03/17/2026
 
TOP OF THE 1ST
Plymouth Rocks batting - Pitching for Irvine Gang Green : RHP Mike Marrero
Pitching: RHP Mike Marrero
Batting: RHB Luis Sánchez 0-0: Called Strike
0-1: Foul Ball, location: 2F
0-2: SINGLE (Groundball, 5D)
Batting: RHB Andrés Lara 0-0: Called Strike
0-1: Ball
1-1: Fly out, F8 (Flyball, 8LXD)
Batting: LHB Frank Geddes 0-0: Ball
1-0: Foul Ball, location: 2F
1-1: Swinging Strike
1-2: Strikes out swinging
Batting: LHB Sean Nicks 0-0: Ball
1-0: Ground out U3 (Groundball, 3S)
Top of the 1st over - 0 run(s), 1 hit(s), 0 error(s), 1 left on base; Plymouth 0 - Irvine 0
BOTTOM OF THE 1ST
Irvine Gang Green batting - Pitching for Plymouth Rocks : RHP José Martínez
Pitching: RHP José Martínez
Batting: LHB Jesús Campos 0-0: Ball
1-0: Ball
2-0: Foul Ball, location: 2F
2-1: Called Strike
2-2: Foul Ball, location: 2F
2-2: Ball
3-2: Ground out 4-3 (Groundball, 34)
Batting: RHB José Salazar 0-0: Foul Ball, location: 2F
0-1: Fly out, F6 (Line Drive, 6M)
Batting: LHB Jorge Martínez 0-0: Ball
1-0: Foul Ball, location: 2F
1-1: Ball
2-1: Ball
3-1: Base on Balls
Batting: RHB Buck Jones 0-0: Ball
1-0: Ball
2-0: Called Strike
2-1: Foul Ball, location: 2F
2-2: Foul Ball, location: 2F
2-2: Foul Ball, location: 2F
2-2: Foul Ball, location: 2F
2-2: Ball
3-2: Ground out 5-3 (Groundball, 56)
Bottom of the 1st over - 0 run(s), 0 hit(s), 0 error(s), 1 left on base; Plymouth 0 - Irvine 0
TOP OF THE 2ND
Plymouth Rocks batting - Pitching for Irvine Gang Green : RHP Mike Marrero
Batting: RHB Tadakuni Sugiyama 0-0: SINGLE (Groundball, 56D)
Batting: RHB Max Jones 0-0: Called Strike
0-1: Ball
1-1: Swinging Strike
1-2: Strikes out looking
Batting: RHB Júlio Negrón 0-0: Fly out, F7 (Popup, 7LM)
Batting: RHB Ray Yates 0-0: Ball
1-0: Foul Ball, location: 2F
1-1: 2-RUN HOME RUN (Flyball, 7D), Distance : 372 ft
Batting: RHB Alberto Hernández 0-0: Ball
1-0: DOUBLE (Groundball, 5D)
Batting: RHB Luis Sánchez 0-0: Fly out, F9 (Flyball, 9M)
Top of the 2nd over - 2 run(s), 3 hit(s), 0 error(s), 1 left on base; Plymouth 2 - Irvine 0
BOTTOM OF THE 2ND
Irvine Gang Green batting - Pitching for Plymouth Rocks : RHP José Martínez
Batting: RHB Raúl Salas 0-0: SINGLE (Line Drive, 78M)
Batting: LHB Fernando Camacho 0-0: Ball
1-0: Called Strike
1-1: Called Strike
1-2: Foul Ball, location: 2F
1-2: Foul Ball, location: 2F
1-2: Ball
2-2: Grounds into double play, 4-6-3 (Groundball, 4)
Batting: SHB Cristo Ontiveros 0-0: DOUBLE (Line Drive, 8RM)
Batting: RHB Aaron Wilson 0-0: Fly out, F3 (Popup, 34S)
Bottom of the 2nd over - 0 run(s), 2 hit(s), 0 error(s), 1 left on base; Plymouth 2 - Irvine 0
TOP OF THE 3RD
Plymouth Rocks batting - Pitching for Irvine Gang Green : RHP Mike Marrero
Batting: RHB Andrés Lara 0-0: Called Strike
0-1: Called Strike
0-2: Ground out 5-3 (Groundball, 5)
Batting: LHB Frank Geddes 0-0: Ground out U3 (Groundball, 3)
Batting: LHB Sean Nicks 0-0: Ball
1-0: Fly out, F3 (Popup, 3SF)
Top of the 3rd over - 0 run(s), 0 hit(s), 0 error(s), 0 left on base; Plymouth 2 - Irvine 0
BOTTOM OF THE 3RD
Irvine Gang Green batting - Pitching for Plymouth Rocks : RHP José Martínez
Batting: RHB Eichiro Yamamoto 0-0: Ball
1-0: Foul Ball, location: 2F
1-1: Reached on error, E5 (Groundball, 5)
Batting: LHB Jesús Campos 0-0: Called Strike
0-1: Foul Ball, location: 2F
0-2: Ball
1-2: Strikes out swinging
Batting: RHB José Salazar 0-0: Called Strike
0-1: Hit by Pitch
Eichiro Yamamoto to second
Batting: LHB Jorge Martínez 0-0: Ball
1-0: Foul Ball, location: 2F
1-1: Grounds into double play, U4-3 (Groundball, 4)
Bottom of the 3rd over - 0 run(s), 0 hit(s), 1 error(s), 1 left on base; Plymouth 2 - Irvine 0
TOP OF THE 4TH
Plymouth Rocks batting - Pitching for Irvine Gang Green : RHP Mike Marrero
Batting: RHB Tadakuni Sugiyama 0-0: Foul Ball, location: 2F
0-1: Ball
1-1: Foul Ball, location: 2F
1-2: Ball
2-2: Foul Ball, location: 2F
2-2: Fly out, F3 (Popup, 3SF)
Batting: RHB Max Jones 0-0: Ball
1-0: Called Strike
1-1: Ball
2-1: Ball
3-1: Called Strike
3-2: Ground out 6-3 (Groundball, 6M)
Batting: RHB Júlio Negrón 0-0: Ground out 5-3 (Groundball, 56)
Top of the 4th over - 0 run(s), 0 hit(s), 0 error(s), 0 left on base; Plymouth 2 - Irvine 0
BOTTOM OF THE 4TH
Irvine Gang Green batting - Pitching for Plymouth Rocks : RHP José Martínez
Batting: RHB Buck Jones 0-0: Called Strike
0-1: Ball
1-1: Ball
2-1: SINGLE (Groundball, 6MD)
Batting: RHB Raúl Salas 0-0: Called Strike
0-1: Ball
1-1: SINGLE (Groundball, 6MD)
Buck Jones to second
Runner from 2nd tries for 3rd, OUT!
Batting: LHB Fernando Camacho 0-0: Called Strike
0-1: Fly out, F9 (Flyball, 89M)
Batting: SHB Cristo Ontiveros 0-0: Called Strike
0-1: SINGLE (Groundball, 4M)
Raúl Salas to second
Runner from 2nd tries for 3rd, SAFE, throw made to third
Batting: RHB Aaron Wilson 0-0: Called Strike
0-1: Called Strike
0-2: Strikes out looking
Bottom of the 4th over - 0 run(s), 3 hit(s), 0 error(s), 2 left on base; Plymouth 2 - Irvine 0
TOP OF THE 5TH
Plymouth Rocks batting - Pitching for Irvine Gang Green : RHP Mike Marrero
Pitching: RHP Raúl Saltines
Batting: RHB Ray Yates 0-0: Ball
1-0: Called Strike
1-1: Swinging Strike
1-2: Strikes out swinging
Batting: RHB Alberto Hernández 0-0: Swinging Strike
0-1: Swinging Strike
0-2: Ball
1-2: Ball
2-2: Ball
3-2: Base on Balls
Batting: RHB Luis Sánchez 0-0: Grounds into double play, 5-4-3 (Groundball, 5)
Top of the 5th over - 0 run(s), 0 hit(s), 0 error(s), 0 left on base; Plymouth 2 - Irvine 0
BOTTOM OF THE 5TH
Irvine Gang Green batting - Pitching for Plymouth Rocks : RHP José Martínez
Pitching: RHP Jean Burrows
Batting: RHB Eichiro Yamamoto 0-0: TRIPLE (Line Drive, 89D)
Batting: LHB Jesús Campos 0-0: Foul Ball, location: 2F
0-1: Called Strike
0-2: Ball
1-2: Strikes out swinging
Batting: RHB José Salazar 0-0: Ball
1-0: Called Strike
1-1: Ball
2-1: Ground out 6-3 (Groundball, 6M)
Eichiro Yamamoto scores
Batting: LHB Jorge Martínez 0-0: Ball
1-0: Ground out 4-3 (Groundball, 4)
Bottom of the 5th over - 1 run(s), 1 hit(s), 0 error(s), 0 left on base; Plymouth 2 - Irvine 1
TOP OF THE 6TH
Plymouth Rocks batting - Pitching for Irvine Gang Green : RHP Raúl Saltines
Batting: RHB Andrés Lara 0-0: Foul Ball, location: 2F
0-1: Foul Ball, location: 2F
0-2: Ball
1-2: Ground out 6-3 (Groundball, 6)
Batting: LHB Frank Geddes 0-0: Called Strike
0-1: Swinging Strike
0-2: Ball
1-2: Strikes out swinging
Batting: LHB Sean Nicks 0-0: Called Strike
0-1: Ball
1-1: Called Strike
1-2: Foul Ball, location: 2F
1-2: Ball
2-2: Foul Ball, location: 2F
2-2: Strikes out looking
Top of the 6th over - 0 run(s), 0 hit(s), 0 error(s), 0 left on base; Plymouth 2 - Irvine 1
BOTTOM OF THE 6TH
Irvine Gang Green batting - Pitching for Plymouth Rocks : RHP Jean Burrows
Batting: RHB Buck Jones 0-0: Called Strike
0-1: Ball
1-1: Called Strike
1-2: Ball
2-2: Ball
3-2: SINGLE (Line Drive, 56D)
Batting: RHB Raúl Salas 0-0: Foul Ball, location: 2F
0-1: Ball
1-1: Ball
2-1: Foul Ball, location: 2F
2-2: Ball
3-2: Base on Balls
Buck Jones to second
Batting: LHB Fernando Camacho 0-0: Ball
1-0: Swinging Strike
1-1: Ball
2-1: Ball
3-1: Foul Ball, location: 2F
3-2: Ground out 3-1 (Groundball, 34S)
Buck Jones to third
Raúl Salas to second
Batting: SHB Cristo Ontiveros 0-0: Ball
1-0: Ball
2-0: Called Strike
2-1: Ball
3-1: Foul Ball, location: 2F
3-2: DOUBLE (Groundball, 5L)
Buck Jones scores
Raúl Salas scores
Pitching: RHP Craig Lewis
Batting: RHB Aaron Wilson 0-0: Ball
1-0: Fly out, F7 (Flyball, 7M)
Batting: RHB Eichiro Yamamoto 0-0: Ball
Passed Ball!
Cristo Ontiveros to third
1-0: Foul Ball, location: 2F
1-1: SINGLE (Groundball, 56D)
Cristo Ontiveros scores
Batting: LHB Jesús Campos 0-0: Called Strike
0-1: Ball
1-1: Ball
2-1: Ball
3-1: Base on Balls
Eichiro Yamamoto to second
Pinch Hitting: LHB Leonardo Medina 0-0: Called Strike
0-1: Ball
1-1: DOUBLE (Line Drive, 5D)
Eichiro Yamamoto scores
Jesús Campos to third
Runner from 3rd tries for Home, SAFE, no throw or cutoff
Batting: LHB Jorge Martínez 0-0: Ball
1-0: Called Strike
1-1: Ball
2-1: Fly out, F7 (Line Drive, 78M)
Bottom of the 6th over - 5 run(s), 4 hit(s), 0 error(s), 1 left on base; Plymouth 2 - Irvine 6
TOP OF THE 7TH
Plymouth Rocks batting - Pitching for Irvine Gang Green : RHP Raúl Saltines
Pitching: RHP Joe Wilson
Now at 3B: Pepe González
Batting: RHB Tadakuni Sugiyama 0-0: Called Strike
0-1: Called Strike
0-2: DOUBLE (Flyball, 8LXD)
Batting: RHB Max Jones 0-0: Ball
1-0: Ball
2-0: Fly out, F9 (Flyball, 89D)
Runner from 2nd tags up, SAFE at 3rd, no throw
Batting: RHB Júlio Negrón 0-0: Called Strike
0-1: SINGLE (Groundball, 56)
Tadakuni Sugiyama scores
Batting: RHB Ray Yates 0-0: Ball
Júlio Negrón steals 2nd base
1-0: Ball
2-0: Ball
3-0: Called Strike
3-1: Base on Balls
Batting: RHB Alberto Hernández 0-0: Called Strike
0-1: Foul Ball, location: 2F
0-2: Hit by Pitch
Júlio Negrón to third
Ray Yates to second
Pinch Hitting: SHB Greg Welch 0-0: Ball
1-0: Called Strike
1-1: Called Strike
1-2: Foul Ball, location: 2F
1-2: Strikes out swinging
Pinch Hitting: LHB Roy Patrick 0-0: Ball
1-0: Called Strike
1-1: Called Strike
1-2: Foul Ball, location: 2F
1-2: Fly out, F9 (Flyball, 89XD)
Top of the 7th over - 1 run(s), 2 hit(s), 0 error(s), 3 left on base; Plymouth 3 - Irvine 6
BOTTOM OF THE 7TH
Irvine Gang Green batting - Pitching for Plymouth Rocks : RHP Craig Lewis
Now at 2B: José Flores
Now in RF: Roy Patrick
Pinch Hitting: LHB Tom Baker 0-0: Called Strike
0-1: Ball
1-1: Ground out 5-3 (Groundball, 5S)
Batting: RHB Raúl Salas 0-0: Ball
1-0: Ball
2-0: Ball
3-0: Base on Balls
Pinch Hitting: LHB Víctor Quiñones 0-0: Ball
1-0: Ball
2-0: Ball
3-0: Base on Balls
Raúl Salas to second
Batting: LHB Bill Murphy 0-0: Ball
1-0: Called Strike
1-1: Ball
2-1: Called Strike
2-2: SINGLE (Groundball, 3L)
Raúl Salas to third
Víctor Quiñones to second
Pinch Hitting: LHB Tony Tavárez 0-0: Ball
1-0: Foul Ball, location: 2F
1-1: Swinging Strike
1-2: Foul Ball, location: 2F
1-2: Ball
2-2: Fly out, F7 (Line Drive, 78M)
Batting: RHB Eichiro Yamamoto 0-0: Called Strike
0-1: Foul Ball, location: 2F
0-2: Strikes out swinging
Bottom of the 7th over - 0 run(s), 1 hit(s), 0 error(s), 3 left on base; Plymouth 3 - Irvine 6
TOP OF THE 8TH
Plymouth Rocks batting - Pitching for Irvine Gang Green : RHP Joe Wilson
Now at 1B: Víctor Quiñones
Now at SS: Santo Cruz
Now in CF: Tony Tavárez
Pinch Hitting: LHB Barrett Waters 0-0: Ball
1-0: Called Strike
1-1: Ball
2-1: SOLO HOME RUN (Line Drive, 89XD), Distance : 423 ft
Batting: LHB Roger Moore 0-0: Ball
1-0: DOUBLE (Line Drive, 3L)
Batting: RHB Tadakuni Sugiyama 0-0: Fly out, F9 (Flyball, 89D)
Runner from 2nd tags up, SAFE at 3rd, no throw
Pinch Hitting: RHB António Zúñiga 0-0: Called Strike
0-1: Ball
1-1: SINGLE (Line Drive, 4D)
Roger Moore scores
Pinch Hitting: RHB Anthony Rucker 0-0: Foul Ball, location: 2F
0-1: Ball
1-1: Ball
2-1: Foul Ball, location: 2F
2-2: Fly out, F9 (Flyball, 89M)
Pinch Hitting: RHB Jorge Jiménez 0-0: Ground out 4-3 (Groundball, 4)
Top of the 8th over - 2 run(s), 3 hit(s), 0 error(s), 1 left on base; Plymouth 5 - Irvine 6
BOTTOM OF THE 8TH
Irvine Gang Green batting - Pitching for Plymouth Rocks : RHP Craig Lewis
Now at 1B: Anthony Rucker
Now at 3B: António Gonzáles
Now at SS: Jorge Jiménez
Now in RF: António Zúñiga
Batting: LHB Jesús Campos 0-0: Ball
1-0: Foul Ball, location: 2F
1-1: Foul Ball, location: 2F
1-2: SINGLE (Line Drive, 89S)
Batting: RHB Pepe González 0-0: Called Strike
0-1: Ball
1-1: Swinging Strike
1-2: SINGLE (Groundball, 56D)
Jesús Campos to second
Batting: LHB Jorge Martínez 0-0: Called Strike
Throwing error on steal attempt, E2
Jesús Campos scores
Pepe González to third
0-1: Ball
1-1: Intentional Walk
Batting: RHB Santo Cruz 0-0: Ground out 6-3 (Groundball, 6)
Jorge Martínez to second
Pitching: RHP Luis Cortéz
Batting: RHB Raúl Salas 0-0: Foul Ball, location: 2F
0-1: DOUBLE (Line Drive, 9LM)
Pepe González scores
Jorge Martínez scores
Batting: LHB Víctor Quiñones 0-0: Intentional Walk
Batting: LHB Bill Murphy 0-0: Ball
1-0: Foul Ball, location: 2F
1-1: Ball
2-1: Ball
Balk!
Raúl Salas to third
Víctor Quiñones to second
3-1: Intentional Walk
Batting: LHB Tony Tavárez 0-0: Fly out, F5 (Popup, 25F)
Batting: RHB Eichiro Yamamoto 0-0: Called Strike
0-1: Called Strike
0-2: Ball
1-2: Ball
2-2: Ball
3-2: Strikes out swinging
Bottom of the 8th over - 3 run(s), 3 hit(s), 1 error(s), 3 left on base; Plymouth 5 - Irvine 9
TOP OF THE 9TH
Plymouth Rocks batting - Pitching for Irvine Gang Green : RHP Joe Wilson
Batting: RHB Alberto Hernández 0-0: Called Strike
0-1: SINGLE (Line Drive, 8LS)
Batting: RHB José Flores 0-0: Called Strike
0-1: Ball
1-1: Foul Ball, location: 2F
1-2: Ball
2-2: Reached on error, E6 (Groundball, 6S)
Alberto Hernández to second
Pitching: RHP Mike Fisher
Batting: LHB Roy Patrick 0-0: Called Strike
0-1: Fly out, F4 (Popup, 4M)
Batting: RHB António Gonzáles 0-0: Called Strike
0-1: Ball
1-1: Swinging Strike
1-2: Foul Ball, location: 2F
1-2: Ball
2-2: Ball
3-2: Strikes out swinging
Batting: LHB Roger Moore 0-0: Ball
1-0: Ball
2-0: Ball
3-0: Called Strike
3-1: Swinging Strike
3-2: Strikes out swinging
Top of the 9th over - 0 run(s), 1 hit(s), 1 error(s), 2 left on base; Plymouth 5 - Irvine 9
Monday, December 5th, 2016 - OOTP Baseball 17.12 Build 75